 Dungeon Crawl Stone Soup version 0.30.1-11-g7821555f0a (webtiles) character file.

Game seed: 17774463975743810574

259 DrWho the Vexing (level 6, -8/57 HPs)
             Began as a Meteoran Enchanter on Nov 3, 2023.
             Was an Initiate of Yredelemnul.
             Mangled by an orc warrior (10 damage)
             ... on level 6 of the Dungeon.
             The game lasted 00:12:07 (2348 turns).

DrWho the Vexing (Meteoran Enchanter)               Turns: 2348, Time: 00:12:09

Health: -8/57      AC:  4    Str: 11    XL:     6   Next: 69%
Magic:  1/12       EV: 12    Int: 17    God:    Yredelemnul [......]
Gold:   246        SH:  0    Dex: 15    Spells: 4/12 levels left

rFire   x . .        a - +2 dagger
rCold   + + .        (no shield)
rNeg    . . .        d - +0 troll leather armour
rPois   .            (no helmet)
rElec   .            (no cloak)
rCorr   .            (no gloves)
SInv    .            (no boots)
Will    .....        (no amulet) Stlth
                     i - ring of ice
HPRegen 1.09/turn    (no ring)
MPRegen 0.13/turn

%: no passive effects
@: mighty, berserking, glowing, very quick
A: sense surroundings 1, otherworldly, glowing, explore regen, cold resistance 1
a: Renounce Religion, Recall Undead Harvest


You were on level 6 of the Dungeon.
You worshipped Yredelemnul.
Yredelemnul was noncommittal.
You visited 1 branch of the dungeon, and saw 5 of its levels.

You collected 246 gold pieces.

Inventory:

Hand Weapons
 a - a +2 dagger (weapon)
Missiles
 p - 5 poisoned darts
Armour
 b - a +0 robe
 d - a +0 troll leather armour (worn)
Jewellery
 h - an amulet of regeneration
 i - a ring of ice (left hand)
Scrolls
 c - 2 scrolls of poison
 e - a scroll of magic mapping
 m - a scroll of butterflies
 o - a scroll of teleportation
Potions
 f - a potion of ambrosia {unknown}
 g - 2 potions of might
 j - a potion of curing {unknown}
 k - 2 potions of mutation
 l - a potion of berserk rage
 n - a potion of flight {unknown}


   Skills:
 * Level 1.5 Fighting
 * Level 2.2 Short Blades
 * Level 1.7 Armour
 * Level 3.2 Dodging
 * Level 2.7 Stealth
 * Level 3.5 Spellcasting
 * Level 4.6 Hexes
 * Level 1.4 Translocations
 * Level 1.3 Ice Magic
 * Level 1.8 Invocations


You had 4 spell levels left.
You knew the following spells:

 Your Spells              Type           Power      Damage    Failure   Level
a - Ensorcelled Hibernat  Hex/Ice        38%        N/A       10%         2
b - Tukima's Dance        Hex            18%        N/A       10%         3
c - Portal Projectile     Hex/Tloc       26%        N/A       19%         3

Your spell library contained the following spells:

 Spells                   Type           Power      Damage    Failure   Level
 Confusing Touch          Hex            18%        N/A       10%         3
 Dazzling Flash           Conj/Hex       20%        N/A       26%         3
 Blade Hands              Tmut           1%         N/A       99%         5


Dungeon Overview and Level Annotations

Branches:
Dungeon (4/15) Zot: 846
 Temple: D:4-7

Altars:
Elyvilon
Gozag
Okawaru
Sif Muna
Xom
Yredelemnul


Innate Abilities, Weirdness & Mutations

You passively map a small area around you.
You are easily found by Zot.
You glow in the dark.
You regain HP and MP as you explore.
Your flesh is cold resistant. (rC+)


Message History

The orc warrior hits you but does no damage.
You hit the orc warrior.
The orc warrior is moderately wounded.
Something hits you.
* * * LOW HITPOINT WARNING * * *
The orc barely misses you. The orc warrior hits you.
* * * LOW HITPOINT WARNING * * *
Your +0 war axe hits the orc warrior.
Unknown command.
It was a potion of berserk rage.
A red film seems to cover your vision as you go berserk!
You feel yourself moving faster!
You feel mighty! Something hits you.
* * * LOW HITPOINT WARNING * * *
The orc barely misses you. The orc warrior hits you.
* * * LOW HITPOINT WARNING * * *
Your +0 war axe barely misses the orc warrior.
You hit the orc warrior.
The orc warrior is heavily wounded.
Something hits you.
* * * LOW HITPOINT WARNING * * *
The orc barely misses you. The orc warrior hits you.
* * * LOW HITPOINT WARNING * * *
You barely miss the orc warrior.
The orc warrior is heavily wounded.
You hear some strange, mumbled words.
Something tries to affect you, but you resist.
The orc hits you but does no damage.
You hit the orc warrior.
The orc warrior is heavily wounded.
The orc warrior closely misses you.
Your +0 war axe completely misses the orc warrior.
You puncture the orc warrior!
The orc warrior is almost dead.
The orc hits you with a +0 club.
* * * LOW HITPOINT WARNING * * *
Something hits you.
* * * LOW HITPOINT WARNING * * *
The orc warrior hits you!
You die...
Your body rises from the dead as a mindless zombie.

......* * ,,
.....* , ,
,....* * , *
... * ** ,*
## , ,,, ..
,+ #. #.## *
* ,#+#.
#bb### ,#...
, , #{ob+ ,
#... , #@###,
#... ,
#o##### ,
#+#. *
#([.Z.+ * ,
,, ,#. *
###...#####
,**## *
#.......#.+ ,
#. , *
#+#...#'#.###
* #+ ~ *
#...#.....# *
##+##.....+ ,
, * , #.....#
,,,


You could see an orc warrior (ally target), an orc and a friendly +0 war axe.

Vanquished Creatures
  A scorpion (D:6)
  An iguana (D:4)
  An adder (D:3)
  2 worms
  A dart slug (D:3)
  An orc (D:6)
  An endoplasm (D:1)
  A giant cockroach (D:4)
  2 goblins (D:4)
  3 hobgoblins (D:1)
  4 kobolds (D:1)
  2 quokkas (D:3)
  4 ball pythons
  2 bats
  A frilled lizard (D:3)
  2 rats
29 creatures vanquished.

Vanquished Creatures (collateral kills)
  A scorpion (D:4)
  A hound (D:4)
  An adder (D:2)
  A ball python (D:2)
  3 endoplasms
  A giant cockroach (D:4)
  A hobgoblin (D:4)
  A bat (D:3)
  2 frilled lizards (D:3)
  2 goblins (D:4)
14 creatures vanquished.

Vanquished Creatures (others)
  2 dancing weapons
  A spectral dream sheep (D:3)
  5 dream sheep (D:3)
  An adder (D:3)
  An adder zombie (D:3)
  A bat zombie (D:3)
  3 frilled lizard zombies (D:3)
  An orc zombie (D:6)
15 creatures vanquished.

Grand Total: 58 creatures vanquished

Notes
Turn   | Place    | Note
-------+----------+-------------------------------------------
     0 | D:1      | DrWho the Meteoran Enchanter began the quest for the Orb.
     0 | D:1      | Reached XP level 1. HP: 14/14 MP: 5/5
   131 | D:1      | Reached XP level 2. HP: 19/20 MP: 6/6
   152 | D:1      | Learned a level 2 spell: Ensorcelled Hibernation
   648 | D:2      | Found a faded altar of an unknown god.
   682 | D:2      | Prayed at the altar of an unknown god.
   682 | D:2      | Became a worshipper of Yredelemnul the Dark
   682 | D:2      | Reached * piety under Yredelemnul
   846 | D:2      | Reached skill level 4 in Hexes
   846 | D:2      | Reached XP level 3. HP: 27/27 MP: 5/8
   850 | D:2      | Learned a level 3 spell: Tukima's Dance
   902 | D:2      | Reached ** piety under Yredelemnul
  1089 | D:2      | Glimpsed the power of Zot.
  1162 | D:3      | Found an iron altar of Okawaru.
  1293 | D:3      | Found a shimmering blue altar of Sif Muna.
  1314 | D:3      | Reached XP level 4. HP: 31/34 MP: 3/9
  1460 | D:3      | Learned a level 3 spell: Portal Projectile
  1488 | D:3      | Noticed a dream sheep
  1488 | D:3      | Noticed a dream sheep
  1488 | D:3      | Noticed a dream sheep
  1488 | D:3      | Noticed a dream sheep
  1488 | D:3      | Noticed a dream sheep
  1488 | D:3      | Found a shimmering altar of Xom.
  1490 | D:3      | Killed a dream sheep
  1491 | D:3      | Reached skill level 1 in Ice Magic
  1491 | D:3      | Killed a dream sheep
  1492 | D:3      | Killed a dream sheep
  1492 | D:3      | Killed a dream sheep
  1493 | D:3      | Killed a dream sheep
  1689 | D:1      | Glimpsed the power of Zot.
  1739 | D:1      | Glimpsed the power of Zot.
  1778 | D:2      | Glimpsed the power of Zot.
  1788 | D:3      | Touched by the power of Zot.
  1840 | D:4      | Reached XP level 5. HP: 30/30 MP: 5/10
  1928 | D:4      | Found an opulent altar of Gozag.
  1966 | D:4      | Found a white marble altar of Elyvilon.
  2034 | D:4      | Reached skill level 1 in Fighting
  2034 | D:4      | Reached skill level 1 in Armour
  2034 | D:4      | Reached skill level 1 in Translocations
  2034 | D:4      | Reached skill level 1 in Invocations
  2130 | D:4      | Reached XP level 6. HP: 25/38 MP: 4/12
  2217 | D:4      | You fall into a shaft and drop 2 floors!
  2313 | D:6      | Noticed an orc warrior
  2330 | D:6      | Gained mutation: Your flesh is cold resistant. (rC+)
                  | [potion of mutation]
  2348 | D:6      | HP: 2/57 [something (1)]
  2348 | D:6      | Mangled by an orc warrior

Illustrated notes

Levels and vault maps discovered:
D:1:      minmay_arrival_up_and_down, layout_loops_corners
D:2:      layout_loops_ring, basic_ecumenical_altar,
          chequers_serial_rivers_marsh
D:3:      layout_rooms, kb_xom_exploding_sheep,
          mainiacjoe_overflow_concentric_impassable,
          nicolae_overflow_hidden_temple
D:4:      layout_layer_cave, mainiacjoe_overflow_catwalk_spiral,
          minmay_temple_entry_water_ring
D:6:      nicolae_cairo_tiling_large, layout_basic, mainiacjoe_overflow_paths,
          nemelex_diamond_rough_becter, uniq_duvessa

Skill      XL: |  1  2  3  4  5 |
---------------+----------------+-----
Hexes          | 4 |  4.6
Spellcasting   | 3 |  3.5
Ice Magic      | 1 |  1.3
Dodging        | 3 |  3.2
Fighting       | 1 |  1.5
Armour         | 1 |  1.7
Translocations | 1 |  1.4
Invocations    | 1 |  1.8
Short Blades   | 2 |  2.2
Stealth        | |  2.7

Action                     |  1- 3 |  4- 6 || total
---------------------------+-------+-------++-------
  Melee: Dagger            |    49 |    67 ||   116
         Punch             |     1 |       ||     1
   Cast: Ensorcelled Hiber |    15 |    12 ||    27
         Tukima's Dance    |       |     8 ||     8
    Use: Scroll            |     2 |     4 ||     6
         Potion            |       |     3 ||     3
   Stab: Sleeping          |     8 |     4 ||    12
 Armour: Troll leather arm |    15 |    26 ||    41
         Robe              |     2 |       ||     2
  Dodge: Dodged            |    40 |    49 ||    89
